 Dungeon Sprint DCSS version 0.24.0-1-gfbc8707 (webtiles) character file.

Game seed: 14120027379385982219, levelgen mode: deterministic

12088 Fang the Warrior (level 11, -10/84 HPs)
             Began as a Gargoyle Berserker on Nov 4, 2019.
             Was the Champion of Trog.
             Mangled by a stone giant (20 damage)
             ... in the Dungeon (Sprint V: "Ziggurat Sprint").
             The game lasted 00:03:41 (850 turns).

Fang the Warrior (Gargoyle Berserker)                Turns: 850, Time: 00:03:41

Health: -10/84     AC: 42    Str: 30    XL:     11   Next: 87%
Magic:  11/11      EV:  4    Int: 10    God:    Trog [******]
Gold:   0          SH: 33    Dex:  9    Spells: 10/10 levels left

rFire    . . .     SeeInvis +   A - +7 broad axe (chop)
rCold    . . .     Gourm    .   E - +18 shield of the Gong {rElec rN+ MR+ EV-5}
rNeg     + + .     Faith    .   b - +15 Maxwell's patent armour {-Cast -Tele rElec MR+ rCorr}
rPois    ∞         Spirit   .   (no helmet)
rElec    +         Reflect  .   y - +2 cloak of the Thief {+Fog Slay-2 SInv Stlth+}
rCorr    +         Harm     .   (no gloves)
MR       ++++.     NoTele   +   (no boots) Stlth ..........NoCast +
                                (no amulet)
HPRegen  1.24/turn              C - +6 ring of strength
MPRegen  0.12/turn              z - ring "Leudgh" {rPois Int+2 SInv}

@: berserk cooldown, starving, regenerating, slowed, very slow
A: negative energy resistance 1, electricity resistance, unbreathing,
petrification resistance, rot immunity, AC +8
a: Berserk, Trog's Hand, Brothers in Arms, Renounce Religion, Evoke Fog


You were in the Dungeon.
You worshipped Trog.
Trog was exalted by your worship.
You were starving.

You visited 1 branch

Inventory:

Hand Weapons
 a - a +9 broad axe
 A - a +7 broad axe of chopping (weapon)
Armour
 b - the +15 Maxwell's patent armour (worn) {-Cast -Tele rElec MR+ rCorr}
   (You found it in the Dungeon)

   It insulates you from electricity.
   It affects your resistance to hostile enchantments.
   It prevents spellcasting.
   It prevents most forms of teleportation.
   It provides partial protection from all sources of acid and corrosion.
 y - the +2 cloak of the Thief (worn) {+Fog Slay-2 SInv Stlth+}
   (You found it in the Dungeon)

   It affects your accuracy and damage with ranged weapons and melee attacks
   (-2).
   It lets you see invisible.
   It makes you more stealthy.
 E - the +18 shield of the Gong (worn) {rElec rN+ MR+ EV-5}
   (You found it in the Dungeon)

   It affects your evasion (-5).
   It insulates you from electricity.
   It protects you from negative energy.
   It affects your resistance to hostile enchantments.
Jewellery
 g - the ring "Hamekoza" {Wiz *Drain rPois Str+4 Int+2}
   (You found it in the Dungeon)

   [ring of wizardry]

   It improves your spell success rate.
   It affects your strength (+4).
   It affects your intelligence (+2).
   It protects you from poison.
   It causes draining when unequipped.
 x - the amulet of Exhibitionism {Acrobat rC+ MR++ Dex-5}
   (You found it in the Dungeon)

   [amulet of the acrobat]

   It helps you evade while moving and waiting.
   It affects your dexterity (-5).
   It protects you from cold.
   It affects your resistance to hostile enchantments.
 z - the ring "Leudgh" (right hand) {rPois Int+2 SInv}
   (You found it in the Dungeon)

   [ring of see invisible]

   It affects your intelligence (+2).
   It protects you from poison.
   It lets you see invisible.
 B - an uncursed ring of flight
 C - a +6 ring of strength (left hand)
 D - a +6 ring of strength
 F - the ring of Gozag's Wrath {rElec rF+ rCorr Int+4 Dex-5}
   (You found it in the Dungeon)

   [ring of resist corrosion]

   It affects your intelligence (+4).
   It affects your dexterity (-5).
   It protects you from fire.
   It insulates you from electricity.
   It provides partial protection from all sources of acid and corrosion.
 G - an uncursed ring of protection from magic
 H - the ring "Myehet" {Fire *Slow rN++ MR+ Stlth+}
   (You found it in the Dungeon)

   [ring of fire]

   It enhances your fire magic.
   It protects you from fire.
   It makes you vulnerable to cold.
   It greatly protects you from negative energy.
   It affects your resistance to hostile enchantments.
   It may slow you when you take damage.
   It makes you more stealthy.
Wands
 u - a wand of disintegration (7)
 v - a wand of iceblast (7)
 w - a wand of acid (7)
Scrolls
 i - 4 scrolls of blinking
 j - 7 scrolls of fog
 k - 2 scrolls of holy word
 l - 5 scrolls of identify
 m - 5 scrolls of remove curse
 n - 2 scrolls of fear
Potions
 d - 10 potions of curing
 e - 13 potions of heal wounds
 f - 6 potions of haste
 h - 3 potions of berserk rage
 p - 2 potions of invisibility
 q - 4 potions of resistance
 r - a potion of experience
 s - 5 potions of agility
 t - 5 potions of might
Comestibles
 c - 7 rations


   Skills:
 * Level 16.5 Fighting
 * Level 14.2 Axes
 + Level 12.4 Armour
 - Level 1.5 Dodging
 * Level 16.3 Shields


You had 10 spell levels left.
You didn't know any spells.
Your spell library was empty.

Dungeon Overview and Level Annotations

Branches:
Dungeon (1/1)

Altars:
Ashenzari
Cheibriados
Dithmenos
Elyvilon
Fedhas
Gozag
Hepliaklqana
Kikubaaqudgha
Makhleb
Nemelex Xobeh
Okawaru
Qazlal
Ru
Sif Muna
Trog
Uskayaw
Vehumet
Wu Jian
Xom
Yredelemnul
Zin
The Shining One
Beogh
Jiyva
Lugonu

Annotations:
D 1 transporter


Innate Abilities, Weirdness & Mutations

You are resistant to torment.
Your stone body is resilient. (AC +8)
You are immune to poison.
You resist negative energy. (rN+)
You are resistant to electric shocks. (rElec)
You can survive without breathing.
You are immune to petrification.
You are immune to rotting.


Message History

The stone giant hits you!
* * * LOW HITPOINT WARNING * * *
You block the cyclops's attack.
GONNNNG!
You block the yaktaur captain's attack.
PANG!
Your stone giant goes berserk!
You are starving!
You block the stone giant's attack.
GONNNNG!
The yaktaur hits you!
* * * LOW HITPOINT WARNING * * *
The yaktaur captain hits you but does no damage.
You block the stone giant's attack.
BOUMMMMG!
The yaktaur captain hits you but does no damage.
You block the cyclops's attack.
PANG!
The stone giant hits you!!
You die...

▓....©....▓
▓▓▓▓▓▓▓▓▓▓▓▓▓▓▓▓▓▓▓▓▓▓▓
▓...8©8...▓...8©8...▓..
▓...})?.[.▓..)|).:..▓..
▓..=[.?...▓..[.})...▓..
▓.........▓.........▓..
▓.....c...▓.........▓..
▓....cCC..▓.)..))...▓..
▓....C@C..▓.........▓..
▓....c(c..▓...)))...▓.▓
▓.▓...(.▓.▓.▓.....▓.▓..
▓....©....▓....©....▓▓▓
▓▓▓▓▓▓▓▓▓▓▓▓▓▓▓▓▓▓▓▓▓


You could see 2 stone giants, 2 yaktaur captains, a cyclops, a yaktaur, a
centaur and a friendly stone giant (berserk).

Vanquished Creatures
  2 reapers (D)
  A yaktaur captain (D)
  A soul eater (D)
  2 skeletal warriors (D)
  3 cyclopes (D)
  A black mamba (D)
  2 naga magi (D)
  A rust devil (D)
  2 tormentors (D)
  A red devil (D)
  3 merfolk (D)
  A hornet (D)
  2 raiju (D)
  A hippogriff (D)
  3 spriggans (D)
  A ynoxinul (D)
  A wraith (D)
  2 nagas (D)
  2 water moccasins (D)
  A floating eye (D)
  A porcupine (D)
  A necrophage (D)
  2 ice beasts (D)
  A black bear (D)
  An eye of draining (D)
  3 phantoms (D)
  3 wolves (D)
  2 centaurs (D)
  A bullfrog (D)
  2 wights (D)
  A quasit (D)
  A small abomination (D)
  2 iron imps (D)
  An iguana (D)
  An adder (D)
  A river rat (D)
  2 shadow imps (D)
  2 white imps (D)
  2 ufetubi (D)
  An adder zombie (D)
  An adder skeleton (D)
  A bat zombie (D)
  A ball python skeleton (D)
  A quokka skeleton (D)
68 creatures vanquished.

Vanquished Creatures (others)
  A white imp (D)
1 creature vanquished.

Grand Total: 69 creatures vanquished

Notes
Turn   | Place    | Note
-------+----------+-------------------------------------------
     0 | D        | Fang the Gargoyle Berserker began the quest for the Orb.
     0 | D        | Reached XP level 1. HP: 14/14 MP: 1/1
     6 | D        | Found a blossoming altar of Fedhas.
     7 | D        | Found the +6 Majin-Bo {vamp, Archmagi MP+6 Int+6}
     7 | D        | Found the +7 great mace "Firestarter" {inner flame, rF++}
     7 | D        | Found a transporter.
     7 | D        | Found a viscous altar of Jiyva.
     7 | D        | Found an ancient bone altar of Kikubaaqudgha.
     7 | D        | Found a hazy altar of Hepliaklqana.
     7 | D        | Found a corrupted altar of Lugonu.
     7 | D        | Found an opulent altar of Gozag.
     7 | D        | Found a burning altar of Makhleb.
    11 | D        | Found a stormy altar of Qazlal.
    11 | D        | Found an iron altar of Okawaru.
    11 | D        | Found a sacrificial altar of Ru.
    11 | D        | Found a sparkling altar of Nemelex Xobeh.
    11 | D        | Found a shimmering blue altar of Sif Muna.
    11 | D        | Found a bloodstained altar of Trog.
    18 | D        | Found the +9 heavy crossbow "Sniper" {velocity, Acc+∞ SInv}
    18 | D        | Found the +10 dark maul {crush}
    18 | D        | Found the +15 Maxwell's patent armour {-Cast -Tele rElec
                  | MR+ rCorr}
    18 | D        | Found the +18 shield of the Gong {rElec rN+ MR+ EV-5}
    18 | D        | Found the cursed +14 obsidian axe {chop, +Fly SInv *Curse}
    81 | D        | Entered arena 2.
    81 | D        | Noticed an eye of draining
    81 | D        | Noticed a floating eye
    81 | D        | Found a transporter.
    83 | D        | Killed a floating eye
    83 | D        | Reached skill level 5 in Axes
    83 | D        | Reached XP level 2. HP: 22/22 MP: 0/2
    83 | D        | Reached XP level 3. HP: 27/27 MP: 0/3
    83 | D        | Reached XP level 4. HP: 32/32 MP: 0/4
    88 | D        | Killed an eye of draining
    88 | D        | Reached skill level 5 in Armour
    88 | D        | Reached XP level 5. HP: 38/38 MP: 0/5
   128 | D        | Entered arena 3.
   128 | D        | Noticed an ice beast
   128 | D        | Noticed an ice beast
   128 | D        | Found a transporter.
   132 | D        | Reached ** piety under Trog
   137 | D        | Killed an ice beast
   137 | D        | Reached XP level 6. HP: 44/44 MP: 6/6
   138 | D        | Killed an ice beast
   142 | D        | Got the ring "Hamekoza" {Wiz *Drain rPois Str+4 Int+2}
   144 | D        | Entered arena 4.
   144 | D        | Noticed a phantom
   144 | D        | Noticed a phantom
   144 | D        | Noticed a phantom
   144 | D        | Found a transporter.
   148 | D        | Reached *** piety under Trog
   151 | D        | Killed a phantom
   151 | D        | Reached XP level 7. HP: 51/51 MP: 7/7
   171 | D        | Entered arena 5.
   171 | D        | Found a transporter.
   174 | D        | Reached **** piety under Trog
   174 | D        | Reached skill level 10 in Fighting
   185 | D        | Got the amulet of Exhibitionism {Acrobat rC+ MR++ Dex-5}
   188 | D        | Entered arena 6.
   188 | D        | Noticed a raiju
   188 | D        | Found a transporter.
   189 | D        | Found the +3 robe of Clouds {+Thunder rCloud rElec}
   190 | D        | Reached XP level 8. HP: 58/58 MP: 8/8
   192 | D        | Killed a raiju
   192 | D        | Reached ***** piety under Trog
   192 | D        | Reached skill level 10 in Shields
   245 | D        | Entered arena 7.
   246 | D        | Identified the +3 dire flail of Shrieking Terror {chaos,
                  | +Blink +Fly Str+3}
   246 | D        | Found a transporter.
   254 | D        | Paralysed by a wight for 6 turns
   284 | D        | Entered arena 8.
   284 | D        | Noticed a cyclops
   284 | D        | Noticed a hippogriff
   284 | D        | Noticed a merfolk
   284 | D        | Noticed a merfolk
   284 | D        | Noticed a merfolk
   285 | D        | Found a transporter.
   292 | D        | Killed a hippogriff
   292 | D        | Reached ****** piety under Trog
   292 | D        | Received a gift from Trog
   292 | D        | Killed a merfolk
   292 | D        | Reached skill level 10 in Axes
   292 | D        | Reached XP level 9. HP: 65/65 MP: 9/9
   294 | D        | Killed a merfolk
   299 | D        | Killed a cyclops
   303 | D        | Killed a merfolk
   348 | D        | Entered arena 9.
   348 | D        | Noticed a spriggan rider
   349 | D        | Found the +2 cloak of the Thief {+Fog Slay-2 SInv Stlth+}
   356 | D        | Received a gift from Trog
   360 | D        | Found a transporter.
   376 | D        | Killed a spriggan rider
   376 | D        | Killed a hornet
   376 | D        | Reached XP level 10. HP: 62/73 MP: 10/10
   376 | D        | Reached skill level 10 in Armour
   429 | D        | Entered arena 10.
   429 | D        | Noticed a black mamba
   429 | D        | Noticed a naga mage
   429 | D        | Noticed a naga mage
   430 | D        | Found a transporter.
   435 | D        | Killed a naga mage
   435 | D        | Received a gift from Trog
   440 | D        | Killed a naga mage
   441 | D        | Killed a black mamba
   452 | D        | Received a gift from Trog
   461 | D        | Got the ring "Leudgh" {rPois Int+2 SInv}
   471 | D        | Entered arena 11.
   471 | D        | Noticed a soul eater
   472 | D        | Found the +0 staff of Battle
   472 | D        | Found a transporter.
   481 | D        | Killed a soul eater
   487 | D        | Received a gift from Trog
   492 | D        | Reached XP level 11. HP: 49/80 MP: 11/11
   508 | D        | Got the ring of Gozag's Wrath {rElec rF+ rCorr Int+4 Dex-5}
   633 | D        | Entered arena 12.
   633 | D        | Noticed a reaper
   634 | D        | Noticed a skeletal warrior
   634 | D        | Noticed a reaper
   634 | D        | Noticed a skeletal warrior
   635 | D        | Found the +7 sceptre of Torment {pain, torment}
   636 | D        | Found a transporter.
   646 | D        | Killed a skeletal warrior
   646 | D        | Reached skill level 15 in Fighting
   648 | D        | Killed a skeletal warrior
   648 | D        | Received a gift from Trog
   648 | D        | Reached skill level 15 in Shields
   653 | D        | Killed a reaper
   656 | D        | Killed a reaper
   676 | D        | Got the ring "Myehet" {Fire *Slow rN++ MR+ Stlth+}
   833 | D        | Entered arena 13.
   833 | D        | Noticed a cyclops
   833 | D        | Noticed a stone giant
   833 | D        | Noticed a yaktaur captain
   833 | D        | Noticed a stone giant
   834 | D        | Identified the amulet "Okhla" {-Tele MR+++ Regen+ Int+2}
   834 | D        | Noticed a yaktaur captain
   834 | D        | Noticed a cyclops
   834 | D        | Noticed a cyclops
   834 | D        | Noticed a yaktaur captain
   836 | D        | Found a transporter.
   840 | D        | Killed a yaktaur captain
   840 | D        | Received a gift from Trog
   845 | D        | Killed a cyclops
   847 | D        | Killed a cyclops
   850 | D        | Mangled by a stone giant

Levels and vault maps discovered:
D:        sprint_v [room_start, room_1, room_2, room_3, room_4, room_5, room_6,
          room_7, room_8, room_9, room_10, room_11, room_12, room_13, room_14,
          room_15, room_16, room_17, room_18, room_19, room_20, room_21,
          room_22, room_23, room_24, room_25, room_26, room_27]

Skill      XL: |  1  2  3  4  5  6  7  8  9 10 11 |
---------------+----------------------------------+-----
Fighting       | 6 7 8 9 10 11 13 14 16 | 16.5
Axes           | 5 6 7 8 10 11 12 14 | 14.2
Armour         | 4 5 6 7 8 9 11 12 | 12.4
Shields        | 4 6 7 8 9 11 12 14 16 | 16.3
Dodging        | |  1.5

Action                   |  1- 3 |  4- 6 |  7- 9 | 10-12 || total
-------------------------+-------+-------+-------+-------++-------
Melee: Broad axe         |     1 |    18 |    80 |    69 ||   168
Invok: Berserk           |     1 |       |     2 |     3 ||     6
       Trog's Hand       |       |       |       |     1 ||     1
       Brothers in Arms  |       |       |       |     1 ||     1
  Use: Scroll            |       |       |     4 |       ||     4
       Potion            |       |       |       |     1 ||     1
 Stab: Invisible         |       |       |     2 |       ||     2
  Eat: Chunk             |       |       |     1 |     3 ||     4
Armor: Plate armour      |       |     9 |    44 |    62 ||   115
Dodge: Dodged            |       |     1 |     5 |     7 ||    13
Block: Shield            |       |    27 |   115 |   158 ||   300
